TOP OF THE 1ST |
Nassau Rockets batting - Pitching for Los Cabos Cartel : RHP Ramón López
|
Pitching: RHP Ramón López
|
|
Batting: LHB Doug Thompson
|
0-0: Called Strike 0-1: Ball 1-1: Ball 2-1: Foul Ball, location: 2F 2-2: Strikes out swinging
|
Batting: SHB Howard Parker
|
0-0: Ball 1-0: Bunt for hit - play at first, batter OUT! 3-4
|
Batting: LHB Andrew Alvarado
|
0-0: Swinging Strike 0-1: Ball 1-1: Called Strike 1-2: Strikes out swinging
|
Top of the 1st over - 0 run(s), 0 hit(s), 0 error(s), 0 left on base; Nassau 0 - Los Cabos 0 |
BOTTOM OF THE 1ST |
Los Cabos Cartel batting - Pitching for Nassau Rockets : RHP Nolan Baker
|
Pitching: RHP Nolan Baker
|
|
Batting: RHB Yasuhiro Kobayashi
|
0-0: Swinging Strike 0-1: Called Strike 0-2: Foul Ball, location: 2F 0-2: Fly out, F8 (Flyball, 8RM)
|
Batting: RHB Ángel Garza
|
0-0: Ball 1-0: Called Strike 1-1: Called Strike 1-2: Ball 2-2: Foul Ball, location: 2F 2-2: Ground out 6-3 (Groundball, 6)
|
Batting: RHB Jesús Hernández
|
0-0: Swinging Strike 0-1: Ball 1-1: Ground out 6-3 (Groundball, 6)
|
Bottom of the 1st over - 0 run(s), 0 hit(s), 0 error(s), 0 left on base; Nassau 0 - Los Cabos 0 |
TOP OF THE 2ND |
Nassau Rockets batting - Pitching for Los Cabos Cartel : RHP Ramón López
|
Batting: SHB Chris Bennis
|
0-0: Called Strike 0-1: Ball 1-1: Swinging Strike 1-2: SOLO HOME RUN (Flyball, 8RXD), Distance : 434 ft
|
Batting: RHB Victor Andrews
|
0-0: Called Strike 0-1: Foul Ball, location: 2F 0-2: Ball 1-2: Strikes out swinging
|
Batting: RHB Francisco Rincón
|
0-0: Ball 1-0: Ground out 4-3 (Groundball, 4M)
|
Batting: LHB Enrique Cortéz
|
0-0: Ball 1-0: Foul Ball, location: 2F 1-1: Foul Ball, location: 2F 1-2: Ball 2-2: Foul Ball, location: 2F 2-2: Fly out, F7 (Flyball, 78D)
|
Top of the 2nd over - 1 run(s), 1 hit(s), 0 error(s), 0 left on base; Nassau 1 - Los Cabos 0 |
BOTTOM OF THE 2ND |
Los Cabos Cartel batting - Pitching for Nassau Rockets : RHP Nolan Baker
|
Batting: LHB Manny Quiñones
|
0-0: Ball 1-0: Ground out 5-3 (Groundball, 5D)
|
Batting: RHB Sam Wallace
|
0-0: Ball 1-0: Ball 2-0: Foul Ball, location: 2F 2-1: Reached on error, E5 (Groundball, 5S)
|
Batting: RHB Stephen Wilson
|
0-0: Ball 1-0: Ball 2-0: Grounds into double play, 4-6-3 (Groundball, 4)
|
Bottom of the 2nd over - 0 run(s), 0 hit(s), 1 error(s), 0 left on base; Nassau 1 - Los Cabos 0 |
TOP OF THE 3RD |
Nassau Rockets batting - Pitching for Los Cabos Cartel : RHP Ramón López
|
Batting: LHB Rafael Delgado
|
0-0: Called Strike 0-1: Ball 1-1: Foul Ball, location: 2F 1-2: Strikes out swinging
|
Batting: LHB Felipe Cruz
|
0-0: Swinging Strike 0-1: Called Strike 0-2: Ball 1-2: Ball 2-2: Strikes out swinging
|
Batting: LHB Doug Thompson
|
0-0: Ball 1-0: Called Strike 1-1: Ground out 6-3 (Groundball, 6M)
|
Top of the 3rd over - 0 run(s), 0 hit(s), 0 error(s), 0 left on base; Nassau 1 - Los Cabos 0 |
BOTTOM OF THE 3RD |
Los Cabos Cartel batting - Pitching for Nassau Rockets : RHP Nolan Baker
|
Batting: RHB Wilbert Rodgers
|
0-0: Ball 1-0: Called Strike 1-1: Swinging Strike 1-2: Foul Ball, location: 2F 1-2: Foul Ball, location: 2F 1-2: Strikes out swinging
|
Batting: SHB Edgardo Osorio
|
0-0: Ground out 4-3 (Groundball, 34)
|
Batting: RHB António Magana
|
0-0: Ball 1-0: Foul Ball, location: 2F 1-1: Ball 2-1: Called Strike 2-2: Ball 3-2: Foul Ball, location: 2F 3-2: Base on Balls
|
Batting: RHB Yasuhiro Kobayashi
|
0-0: Ball 1-0: Called Strike 1-1: Ball 2-1: Ball 3-1: Fly out, F7 (Line Drive, 78S)
|
Bottom of the 3rd over - 0 run(s), 0 hit(s), 0 error(s), 1 left on base; Nassau 1 - Los Cabos 0 |
TOP OF THE 4TH |
Nassau Rockets batting - Pitching for Los Cabos Cartel : RHP Ramón López
|
Batting: SHB Howard Parker
|
0-0: Swinging Strike 0-1: Ball 1-1: Foul Ball, location: 2F 1-2: Ball 2-2: Strikes out swinging
|
Batting: LHB Andrew Alvarado
|
0-0: Fly out, F7 (Popup, 7S)
|
Batting: SHB Chris Bennis
|
0-0: Ball 1-0: Ball 2-0: Ball 3-0: Base on Balls
|
Batting: RHB Victor Andrews
|
0-0: Ball 1-0: Called Strike 1-1: Fly out, F7 (Flyball, 78M)
|
Top of the 4th over - 0 run(s), 0 hit(s), 0 error(s), 1 left on base; Nassau 1 - Los Cabos 0 |
BOTTOM OF THE 4TH |
Los Cabos Cartel batting - Pitching for Nassau Rockets : RHP Nolan Baker
|
Batting: RHB Ángel Garza
|
0-0: Foul Ball, location: 2F 0-1: Ball 1-1: Ball 2-1: Ground out 5-3 (Groundball, 56)
|
Batting: RHB Jesús Hernández
|
0-0: Ball 1-0: Ball 2-0: Ball 3-0: Called Strike 3-1: Foul Ball, location: 2F 3-2: SINGLE (Popup, 56D)
|
Batting: LHB Manny Quiñones
|
0-0: Ball 1-0: Ball 2-0: Swinging Strike 2-1: Called Strike 2-2: SINGLE (Line Drive, 9S) Jesús Hernández to second
|
Batting: RHB Sam Wallace
|
0-0: Called Strike 0-1: Ball 1-1: Fly out, F8 (Flyball, 8LXD) Runner from 2nd tags up, SAFE at 3rd, no throw
|
Batting: RHB Stephen Wilson
|
0-0: Swinging Strike 0-1: Foul Ball, location: 2F 0-2: Strikes out swinging
|
Bottom of the 4th over - 0 run(s), 2 hit(s), 0 error(s), 2 left on base; Nassau 1 - Los Cabos 0 |
TOP OF THE 5TH |
Nassau Rockets batting - Pitching for Los Cabos Cartel : RHP Ramón López
|
Pitching: RHP Yajirobei Endo
|
|
Batting: RHB Francisco Rincón
|
0-0: Called Strike 0-1: Called Strike 0-2: Foul Ball, location: 2F 0-2: Strikes out swinging
|
Batting: LHB Enrique Cortéz
|
0-0: SINGLE (Flyball, 7S)
|
Batting: LHB Rafael Delgado
|
0-0: Called Strike 0-1: Ball 1-1: Ball 2-1: Foul Ball, location: 2F 2-2: Foul Ball, location: 2F 2-2: Ball 3-2: Ground out 4-3 (Groundball, 4M) Enrique Cortéz to second
|
Batting: LHB Felipe Cruz
|
0-0: Called Strike 0-1: Swinging Strike 0-2: Ball 1-2: 2-RUN HOME RUN (Line Drive, 7LD), Distance : 345 ft
|
Batting: LHB Doug Thompson
|
0-0: Ball 1-0: SINGLE (Groundball, 5D)
|
Batting: SHB Howard Parker
|
0-0: Ball 1-0: Ball 2-0: Ball 3-0: Base on Balls Doug Thompson to second
|
Batting: LHB Andrew Alvarado
|
0-0: Ball 1-0: Called Strike 1-1: Foul Ball, location: 2F 1-2: Foul Ball, location: 2F 1-2: Strikes out swinging
|
Top of the 5th over - 2 run(s), 3 hit(s), 0 error(s), 2 left on base; Nassau 3 - Los Cabos 0 |
BOTTOM OF THE 5TH |
Los Cabos Cartel batting - Pitching for Nassau Rockets : RHP Nolan Baker
|
Pitching: LHP Dave Miller
|
|
Batting: RHB Wilbert Rodgers
|
0-0: Ball 1-0: Ball 2-0: Ball 3-0: Fly out, F8 (Flyball, 8LD)
|
Batting: SHB Edgardo Osorio
|
0-0: Ball 1-0: DOUBLE (Line Drive, 5L)
|
Batting: RHB António Magana
|
0-0: Called Strike 0-1: Ball 1-1: Ball 2-1: Foul Ball, location: 2F 2-2: Ground out 4-3 (Groundball, 4M) Edgardo Osorio to third
|
Batting: RHB Yasuhiro Kobayashi
|
0-0: Swinging Strike 0-1: Ball 1-1: Foul Ball, location: 2F 1-2: Fly out, F2 (Popup, 2LF)
|
Bottom of the 5th over - 0 run(s), 1 hit(s), 0 error(s), 1 left on base; Nassau 3 - Los Cabos 0 |
TOP OF THE 6TH |
Nassau Rockets batting - Pitching for Los Cabos Cartel : RHP Yajirobei Endo
|
Pitching: LHP António Coronado
|
|
Batting: SHB Chris Bennis
|
0-0: Called Strike 0-1: Ball 1-1: Foul Ball, location: 2F 1-2: Foul Ball, location: 2F 1-2: Foul Ball, location: 2F 1-2: Strikes out swinging
|
Batting: RHB Victor Andrews
|
0-0: Ball 1-0: Ground out 4-3 (Groundball, 4)
|
Batting: RHB Francisco Rincón
|
0-0: Ball 1-0: Ball 2-0: Called Strike 2-1: SINGLE (Line Drive, 8RS)
|
Batting: LHB Enrique Cortéz
|
0-0: Ball 1-0: Foul Ball, location: 2F 1-1: Swinging Strike 1-2: Ball 2-2: Strikes out swinging
|
Top of the 6th over - 0 run(s), 1 hit(s), 0 error(s), 1 left on base; Nassau 3 - Los Cabos 0 |
BOTTOM OF THE 6TH |
Los Cabos Cartel batting - Pitching for Nassau Rockets : LHP Dave Miller
|
Batting: RHB Ángel Garza
|
0-0: Called Strike 0-1: Ball 1-1: Ball 2-1: Fly out, F5 (Line Drive, 5)
|
Batting: RHB Jesús Hernández
|
0-0: Foul Ball, location: 2F 0-1: Foul Ball, location: 2F 0-2: Ground out 4-3 (Groundball, 4)
|
Batting: LHB Manny Quiñones
|
0-0: Called Strike 0-1: Called Strike 0-2: Ball 1-2: Foul Ball, location: 2F 1-2: Ball 2-2: Ball 3-2: SINGLE (Line Drive, 89M)
|
Batting: RHB Sam Wallace
|
0-0: Ball 1-0: Foul Ball, location: 2F 1-1: Called Strike 1-2: Ball 2-2: Foul Ball, location: 2F 2-2: Foul Ball, location: 2F 2-2: Ball 3-2: Strikes out looking
|
Bottom of the 6th over - 0 run(s), 1 hit(s), 0 error(s), 1 left on base; Nassau 3 - Los Cabos 0 |
TOP OF THE 7TH |
Nassau Rockets batting - Pitching for Los Cabos Cartel : LHP António Coronado
|
Batting: LHB Rafael Delgado
|
0-0: Ball 1-0: Foul Ball, location: 2F 1-1: Swinging Strike 1-2: Ball 2-2: Strikes out swinging
|
Batting: LHB Felipe Cruz
|
0-0: Ball 1-0: Called Strike 1-1: Foul Ball, location: 2F 1-2: Fly out, F7 (Flyball, 7M)
|
Batting: RHB José Hernández
|
0-0: Ball 1-0: Ball 2-0: SINGLE (Line Drive, 6M)
|
Pinch Hitting: RHB Marc Cox
|
0-0: Swinging Strike 0-1: Ground out 5-3 (Groundball, 5S)
|
Top of the 7th over - 0 run(s), 1 hit(s), 0 error(s), 1 left on base; Nassau 3 - Los Cabos 0 |
BOTTOM OF THE 7TH |
Los Cabos Cartel batting - Pitching for Nassau Rockets : LHP Dave Miller
|
Pitching: RHP José García
|
|
Now at 2B: Marc Cox
|
|
Batting: RHB Stephen Wilson
|
0-0: Ball 1-0: Called Strike 1-1: Ball 2-1: Foul Ball, location: 2F 2-2: Ball 3-2: Base on Balls
|
Batting: RHB Wilbert Rodgers
|
0-0: Fly out, F7 (Line Drive, 7M)
|
Batting: SHB Edgardo Osorio
|
0-0: Called Strike 0-1: Ball 1-1: SINGLE (Groundball, 4MD) (infield hit) Stephen Wilson to second
|
Batting: RHB António Magana
|
0-0: Called Strike 0-1: Foul Ball, location: 2F 0-2: Strikes out swinging
|
Pinch Hitting: LHB Willie Wallace
|
0-0: Called Strike 0-1: Ball 1-1: Foul Ball, location: 2F 1-2: Ground out 3-1 (Groundball, 34)
|
Bottom of the 7th over - 0 run(s), 1 hit(s), 0 error(s), 2 left on base; Nassau 3 - Los Cabos 0 |
TOP OF THE 8TH |
Nassau Rockets batting - Pitching for Los Cabos Cartel : LHP António Coronado
|
Now at SS: Luis González
|
|
Pinch Hitting: RHB Ed Sims
|
0-0: Foul Ball, location: 2F 0-1: Ball 1-1: Ground out 5-3 (Groundball, 56)
|
Pitching: RHP Pedro Magana
|
|
Pinch Hitting: LHB Bob Martin
|
0-0: Called Strike 0-1: Ball 1-1: Called Strike 1-2: Strikes out looking
|
Batting: RHB Victor Andrews
|
0-0: Ball 1-0: Swinging Strike 1-1: Ground out 6-3 (Groundball, 6)
|
Top of the 8th over - 0 run(s), 0 hit(s), 0 error(s), 0 left on base; Nassau 3 - Los Cabos 0 |
BOTTOM OF THE 8TH |
Los Cabos Cartel batting - Pitching for Nassau Rockets : RHP José García
|
Now at 1B: Pete Harvey
|
|
Now at 3B: Bob Martin
|
|
Pinch Hitting: LHB José Rivas
|
0-0: Ground out 6-3 (Groundball, 6MS)
|
Batting: RHB Jesús Hernández
|
0-0: Called Strike 0-1: Ground out U3 (Groundball, 3L)
|
Pinch Hitting: SHB Rob Grun
|
0-0: DOUBLE (Line Drive, 9LS)
|
Pinch Hitting: LHB Miguel Rivería
|
0-0: Ball 1-0: Swinging Strike 1-1: Ball 2-1: Ground out U3 (Groundball, 3S)
|
Bottom of the 8th over - 0 run(s), 1 hit(s), 0 error(s), 1 left on base; Nassau 3 - Los Cabos 0 |
TOP OF THE 9TH |
Nassau Rockets batting - Pitching for Los Cabos Cartel : RHP Pedro Magana
|
Now at 3B: Gerardo Escobedo
|
|
Now in LF: José Rivas
|
|
Pinch Hitting: LHB Wilson Allen
|
0-0: Ball
|
Now in LF: Miguel Rivería
|
1-0: Foul Ball, location: 2F 1-1: Ball 2-1: Foul Ball, location: 2F 2-2: Ground out 4-3 (Groundball, 4M)
|
Pinch Hitting: LHB Phil Smith
|
0-0: Called Strike 0-1: Swinging Strike 0-2: Ball 1-2: Foul Ball, location: 2F 1-2: Strikes out swinging
|
Pinch Hitting: LHB Don Ramey
|
0-0: SINGLE (Groundball, 4MD)
|
Pinch Hitting: LHB Jimmy Husted
|
0-0: Ball 1-0: Called Strike 1-1: Ground out 6-3 (Groundball, 6)
|
Top of the 9th over - 0 run(s), 1 hit(s), 0 error(s), 1 left on base; Nassau 3 - Los Cabos 0 |
BOTTOM OF THE 9TH |
Los Cabos Cartel batting - Pitching for Nassau Rockets : RHP José García
|
Pitching: RHP Valentín Luna
|
|
Now at 1B: Wilson Allen
|
|
Now in LF: Don Ramey
|
|
Now in CF: José Torres
|
|
Now in RF: Phil Smith
|
|
Batting: SHB Julián Madrid
|
0-0: Ball 1-0: Foul Ball, location: 2F 1-1: Ball 2-1: Ball 3-1: Fly out, F5 (Popup, 5F)
|
Pinch Hitting: RHB John Pick
|
0-0: Swinging Strike 0-1: Ground out 6-3 (Groundball, 6)
|
Pinch Hitting: RHB Víctor Solano
|
0-0: Called Strike 0-1: Foul Ball, location: 2F 0-2: Ground out 6-3 (Groundball, 6)
|
Bottom of the 9th over - 0 run(s), 0 hit(s), 0 error(s), 0 left on base; Nassau 3 - Los Cabos 0 |
|